Workbook

Sheet MATRIZ DE RIESGO
B1: Versión: CONVENIO
A3: IDENTIFICACIÓN Y CLASIFICACIÓN DEL RIESGO | N3: TRATAMIENTO DEL RIESGO
A5: N° | B5: Clase | C5: Fuente | D5: Etapa | E5: Tipo | F5: Descripción (Qué puede pasar y, cómo puede ocurrir) | G5: Consecuencia de la ocurrencia del evento | H5: Probabilidad | I5: Impacto | J5: Valoración del riesgo | K5: Categoría | L5: ¿A quién se le asigna? | M5: % Asignación | N5: N° | O5: Tratamiento/ Controles a ser implementados | P5: Impacto después del tratamiento | T5: ¿Afecta la ejecución del contrato? | U5: Responsable por implementar el tratamiento | V5: Fecha estimada en que se inicia el tratamiento | W5: Fecha estimada en que se completa el tratamiento | X5: Monitoreo y revisión
P6: Probabilidad | Q6: Impacto | R6: Valoración del riesgo | S6: Categoría | X6: ¿Cómo se realiza el monitoreo? | Y6: Periodicidad ¿Cuándo?
A8: 1 | B8: Especifico | C8: Externo | D8: Ejecución | E8: Operacional | F8: Falta de disponibilidad y/o falta de idoneidad de los profesionales o del personal destinado para la ejecución del Convenio por parte del Contraparte, con el fin cumplir con el objeto contractual y las obligaciones a cargo de este y/o falta de entrega de | G8: Dificulta la ejecución del Convenio de manera baja, aplicando medidas mínimas se puede lograr el objeto contractual | H8: 2 | I8: 4 | J8: =SUM(H8:I8) -> 6 | K8: =VLOOKUP(J8,Inputs!$E$2:$F$12,2,FALSE) -> Alto | L8: Proveedor | M8: 1 | N8: 1 | O8: LA UAEGRTD solicitará al proveedor sustitución del personal que no sea idoneo de conformidad con las especificaciones técnicas | P8: 0 | Q8: 1 | R8: =SUM(P8:Q8) -> 1 | S8: MEDIO | T8: SI | U8: Entidad Contratante | V8: Desde el perfeccionamiento del contrato | W8: Terminación del plazo de ejecución | X8: SEGUIMIENTO DEL PROCESO por parte del supervisor del contrato verificando y dejando constancia del cumplimiento de la idoneidad de los conductores. | Y8: DIARIO
A9: 2 | B9: Especifico | C9: Externo | D9: Ejecución | E9: Operacional | F9: Contar con toda la infraestructura física, técnica y logística que demande la ejecución del objeto contractual. | G9: Dificulta la ejecución del Convenio de manera baja, aplicando medidas mínimas se puede lograr el objeto contractual | H9: 3 | I9: 2 | J9: =SUM(H9:I9) -> 5 | K9: =VLOOKUP(J9,Inputs!$E$2:$F$12,2,FALSE) -> Medio | L9: Proveedor | M9: 1 | N9: 2 | O9: LA UAEGRTD Exigirá el cumplimiento de las especificaciones técnicas establecidas y afectará la póliza constituida por el proveedor en caso de respuesta negativa. | P9: 1 | Q9: 1 | R9: =SUM(P9:Q9) -> 2 | S9: MEDIO | T9: SI | U9: Entidad Contratante | V9: Desde el perfeccionamiento del contrato | W9: Terminación del plazo de ejecución | X9: VERIFICACIÓN por parte del comisionado a cargo del servicio, antes de iniciar de la prestación del mismo, del cumplimiento de las especificaciones tecnicas y por parte del supervisor del contrato verificando las anomalías que se presenten en la prestación de los servicios, dejando constancia en su informe mensual del cumplimiento de las obligaciones pactadas, asi como adoptando las medidas correctivas que se requieran para la correcta ejecución del contrato. | Y9: DIARIO
A10: 3 | B10: Especifico | C10: Externo | D10: Ejecución | E10: Operacional | F10: Falta de disponibilidad de los elementos correspondientes para cubrir las necesidades logísticas (alimentación, transportes multimodal, hospedaje y demás que se requiera), en cumplimiento de las obligaciones que lo requieran | G10: Dificulta la ejecución del Convenio de manera baja, aplicando medidas mínimas se puede lograr el objeto contractual | H10: 3 | I10: 2 | J10: =SUM(H10:I10) -> 5 | K10: =VLOOKUP(J10,Inputs!$E$2:$F$12,2,FALSE) -> Medio | L10: Proveedor | M10: 1 | N10: 4 | O10: La UAEGRTD conminara a la contraparte para que los servicios prestados de manera adecuada con las especificaciones técnicas, en caso que sea recurrente se aplicará el procedimiento establecido en el artículo 86 de la Ley 1474 de 2011 | P10: 1 | Q10: 1 | R10: =SUM(P10:Q10) -> 2 | S10: =VLOOKUP(R10,Inputs!$E$2:$F$12,2,FALSE) -> Bajo | T10: SI | U10: Entidad Contratante | V10: Desde el perfeccionamiento del contrato | W10: Terminación del plazo de ejecución | X10: VERIFICACIÓN por parte del comisionado a cargo del servicio, antes de iniciar de la prestación del mismo, del cumplimiento de las especificaciones tecnicas y por parte del supervisor del contrato verificando las anomalías que se presenten en la prestación de los servicios, dejando constancia en su informe mensual del cumplimiento de las obligaciones pactadas, asi como adoptando las medidas correctivas que se requieran para la correcta ejecución del contrato. | Y10: DIARIO
A11: 4 | B11: General | C11: Externo | D11: Ejecución | E11: Económico | F11: Daños o perjuicios a terceros en desarrollo de las actividades y/o eventos que correspondan en el marco de la ejecución del Convenio | G11: Obstruye la ejecución del Convenio sustancialmente pero aun así permite la consecución del objeto contractual | H11: 2 | I11: 4 | J11: =SUM(H11:I11) -> 6 | K11: Medio | L11: Proveedor | M11: 1 | N11: 5 | O11: La UAEGRTD conminara a la contraparte para que los servicios prestados de manera adecuada con las especificaciones técnicas, en caso que sea recurrente se aplicará el procedimiento establecido en el artículo 86 de la Ley 1474 de 2011 | P11: 1 | Q11: 1 | R11: =SUM(P11:Q11) -> 2 | S11: =VLOOKUP(R11,Inputs!$E$2:$F$12,2,FALSE) -> Bajo | T11: SI | U11: Entidad Contratantr | V11: Desde el perfeccionamiento del contrato | W11: Terminación del plazo de ejecución | X11: SEGUIMIENTO DEL PROCESO por parte del supervisor del contrato verificando y dejando constancia en su informe mensual del cumplimiento de las obligaciones pactadas | Y11: DIARIO
A12: 5 | B12: Especifico | C12: Externo | D12: Ejecución | E12: Operacional | F12: Falta de participar en las mesas técnicas de seguimiento que se llevaran a cabo, en la ejecución del Convenio | G12: Dificulta la ejecución del Convenio de manera baja, aplicando medidas mínimas se puede lograr el objeto contractual | H12: 3 | I12: 2 | J12: =SUM(H12:I12) -> 5 | K12: =VLOOKUP(J12,Inputs!$E$2:$F$12,2,FALSE) -> Medio | L12: Proveedor | M12: 1 | N12: 6 | O12: La UAEGRTD conminara a la contraparte para que los servicios prestados de manera adecuada con las especificaciones técnicas, en caso que sea recurrente se aplicará el procedimiento establecido en el artículo 86 de la Ley 1474 de 2011 | P12: 1 | Q12: 1 | R12: =SUM(P12:Q12) -> 2 | S12: =VLOOKUP(R12,Inputs!$E$2:$F$12,2,FALSE) -> Bajo | T12: SI | U12: Entidad Contratantr | V12: Desde el perfeccionamiento del contrato | W12: Terminación del plazo de ejecución | X12: VERIFICACIÓN por parte del comisionado a cargo del servicio, antes durante la prestación del mismo, del cumplimiento de las especificaciones tecnicas y por parte del supervisor del contrato, verificando las anomalías que se presenten en la prestación de los servicios, y dejando constancia en su informe mensual del cumplimiento de las obligaciones pactadas, asi como adoptando las medidas correctivas que se requieran para la correcta ejecución del contrato. | Y12: DIARIO
A13: 6 | B13: Especifico | C13: Externo | D13: Ejecución | E13: Operacional | F13: Daños o perjuicios a los colaboradores la UAEGRTD en desarrollo de las actividades y eventos en cumplimiento de las obligaciones contractuales. | G13: Dificulta la ejecución del Convenio de manera baja, aplicando medidas mínimas se puede lograr el objeto contractual | H13: 3 | I13: 2 | J13: =SUM(H13:I13) -> 5 | K13: =VLOOKUP(J13,Inputs!$E$2:$F$12,2,FALSE) -> Medio | L13: Proveedor | M13: 1 | N13: 7 | O13: La UAEGRTD aplicará las medidas pertinentes para garantizar la ejecución del contrato, y el supervisor conminara al contratista para que los servicios sean prestados de acuerdo a los precios pactados, en caso que no se preseten los servicios, se dara aplicación al artículo 86 de la Ley 1474 de 2011. | P13: 1 | Q13: 1 | R13: =SUM(P13:Q13) -> 2 | S13: =VLOOKUP(R13,Inputs!$E$2:$F$12,2,FALSE) -> Bajo | T13: SI | U13: Entidad Contratantr | V13: Desde el perfeccionamiento del contrato | W13: Terminación del plazo de ejecución | X13: VERIFICACIÓN por parte del comisionado a cargo del servicio, antes durante la prestación del mismo, del cumplimiento de las especificaciones tecnicas y por parte del supervisor del contrato, verificando las anomalías que se presenten en la prestación de los servicios, y dejando constancia en su informe mensual del cumplimiento de las obligaciones pactadas, asi como adoptando las medidas correctivas que se requieran para la correcta ejecución del contrato. | Y13: DIARIO
A14: 7 | B14: Especifico | C14: Externo | D14: Ejecución | E14: Operacional | F14: Mayores costos en la operación y ejecución del Convenio, por causas imputables al Contraparte | G14: Dificulta la ejecución del Convenio de manera baja, aplicando medidas mínimas se puede lograr el objeto contractual | H14: 3 | I14: 3 | J14: =SUM(H14:I14) -> 6 | K14: =VLOOKUP(J14,Inputs!$E$2:$F$12,2,FALSE) -> Alto | L14: Proveedor | M14: 1 | N14: 8 | O14: La UAEGRTD aplicará las medidas pertinentes para garantizar la ejecución del contrato, y el supervisor conminara al contratista para que los servicios sean prestados de acuerdo a los precios pactados, en caso que no se preseten los servicios, se dara aplicación al artículo 86 de la Ley 1474 de 2011. | P14: 2 | Q14: 1 | R14: =SUM(P14:Q14) -> 3 | S14: =VLOOKUP(R14,Inputs!$E$2:$F$12,2,FALSE) -> Bajo | T14: SI | U14: Entidad Contratante | V14: Desde el perfeccionamiento del contrato | W14: Terminación del plazo de ejecución | X14: VERIFICACIÓN por parte del comisionado a cargo del servicio, antes durante la prestación del mismo, del cumplimiento de las especificaciones tecnicas y por parte del supervisor del contrato, verificando las anomalías que se presenten en la prestación de los servicios, y dejando constancia en su informe mensual del cumplimiento de las obligaciones pactadas, asi como adoptando las medidas correctivas que se requieran para la correcta ejecución del contrato. | Y14: DIARIO
A15: 8 | B15: General | C15: Externo | D15: Ejecución | E15: Jurídico | F15: Accidentes laborales de personal propio del Contraparte. Así mismo, accidentes sufridos por el personal vinculado por el Contraparte | G15: Dificulta la ejecución del Convenio de manera baja, aplicando medidas mínimas se puede lograr el objeto contractual | H15: 3 | I15: 3 | J15: =SUM(H15:I15) -> 6 | K15: =VLOOKUP(J15,Inputs!$E$2:$F$12,2,FALSE) -> Alto | L15: Proveedor | M15: 1 | N15: 9 | O15: La UAEGRTD aplicará las medidas pertinentes para garantizar la ejecución del contrato, y el supervisor conminara al contratista para que los servicios sean prestados de acuerdo a los precios pactados, en caso que no se preseten los servicios, se dara aplicación al artículo 86 de la Ley 1474 de 2011. | P15: 2 | Q15: 2 | R15: =SUM(P15:Q15) -> 4 | S15: =VLOOKUP(R15,Inputs!$E$2:$F$12,2,FALSE) -> Bajo | T15: SI | U15: Entidad Contratantr | V15: Desde el perfeccionamiento del contrato | W15: Terminación del plazo de ejecución | X15: SEGUIMIENTO DEL PROCESO por parte del supervisor del contrato verificando y dejando constancia en su informe mensual del cumplimiento de las obligaciones pactadas | Y15: DIARIO
A16: 9 | B16: Especifico | C16: Externo | D16: Ejecución | E16: Operacional | F16: No pago oportuno y/o extemporáneo de las salarios y demás prestaciones de los trabajadores vinculados al contratista. | G16: Dificulta la ejecución del contrato de manera baja, aplicando medidas mínimas se puede lograr el objeto contractual | H16: 3 | I16: 3 | J16: =SUM(H16:I16) -> 6 | K16: =VLOOKUP(J16,[1]Inputs!$E$2:$F$12,2,FALSE) -> Alto | L16: Proveedor | M16: 1 | N16: 9 | O16: La UAEGRTD hará efectiva la clausula de multas y/o sanciones y la garantia constituida por el proveedor | P16: 2 | Q16: 2 | R16: =SUM(P16:Q16) -> 4 | S16: =VLOOKUP(R16,[1]Inputs!$E$2:$F$12,2,FALSE) -> Bajo | T16: SI | U16: Entidad Contratantr | V16: Desde el perfeccionamiento del contrato | W16: Terminación del plazo de ejecución | X16: SEGUIMIENTO DEL PROCESO por parte del supervisor del contrato verificando y dejando constancia en su informe mensual del cumplimiento de las obligaciones pactadas | Y16: DIARIO
A17: 10 | B17: General | C17: Externo | D17: Ejecución | E17: Operacional | F17: Indebida o incorrecta estimación de precios o costos, esto es que los costos ofrecidos son bajos en relación con los precios del mercado. | G17: Obstruye la ejecución del contrato sustancialmente pero aun así permite la consecución del objeto contractual | H17: 3 | I17: 2 | J17: =SUM(H17:I17) -> 5 | K17: =VLOOKUP(J17,[1]Inputs!$E$2:$F$12,2,FALSE) -> Medio | L17: Entidad Contratante | M17: 1 | N17: 11 | O17: La UAEGRTD aplicará las medidas pertinentes para garantizar la ejecución del contrato, y el supervisor conminara al contratista para que los servicios sean prestados de acuerdo a los precios pactados, en caso que no se preseten los servicios, se dara aplicación al artículo 86 de la Ley 1474 de 2011. | P17: 2 | Q17: 1 | R17: =SUM(P17:Q17) -> 3 | S17: =VLOOKUP(R17,[1]Inputs!$E$2:$F$12,2,FALSE) -> Bajo | T17: SI | U17: Entidad Contratantr | V17: Desde el perfeccionamiento del contrato | W17: Terminación del plazo de ejecución | X17: SEGUIMIENTO DEL PROCESO Por pate del supervisor del contrato verificando y dejando constancia en su informe mensual del cumplimiento de las obligaciones pactadas | Y17: DIARIO
A18: 11 | B18: General | C18: Externo | D18: Ejecución | E18: Operacional | F18: Conceptos o servicios errados, esto es cuando los vehículos requeridos no cumplen con los requerimientos de la entidad | G18: Dificulta la ejecución del contrato de manera baja, aplicando medidas mínimas se puede lograr el objeto contractual | H18: 3 | I18: 2 | J18: =SUM(H18:I18) -> 5 | K18: =VLOOKUP(J18,[1]Inputs!$E$2:$F$12,2,FALSE) -> Medio | L18: Proveedor | M18: 1 | N18: 10 | O18: La UAEGRTD conminara al contratista para que los servicios sean prestados de manera adecuada por los conductores, en caso que sea recurrente se aplicará el procedimiento establecido en el artículo 86 de la Ley 1474 de 2011. | P18: 1 | Q18: 1 | R18: =SUM(P18:Q18) -> 2 | S18: =VLOOKUP(R18,[1]Inputs!$E$2:$F$12,2,FALSE) -> Bajo | T18: SI | U18: Proveedor | V18: Desde el perfeccionamiento del contrato | W18: Terminación del plazo de ejecución | X18: VERIFICACIÓN por parte del comisionado a cargo del servicio, antes durante la prestación del mismo, del cumplimiento de las especificaciones tecnicas y por parte del supervisor del contrato, verificando las anomalías que se presenten en la prestación de los servicios, y dejando constancia en su informe mensual del cumplimiento de las obligaciones pactadas, asi como adoptando las medidas correctivas que se requieran para la correcta ejecución del contrato. | Y18: DIARIO
A19: 12 | B19: Especifico | C19: Externo | D19: Ejecución | E19: Operacional | F19: Incumplimiento de subcontratistas o proveedores, así como cuando el personal del Contraparte incumple sus obligaciones contractuales | G19: Dificulta la ejecución del Convenio de manera baja, aplicando medidas mínimas se puede lograr el objeto contractual | H19: 3 | I19: 2 | J19: 5 | K19: =VLOOKUP(J19,Inputs!$E$2:$F$12,2,FALSE) -> Medio | L19: Proveedor | M19: 1 | N19: 13 | O19: La UAEGRTD aplicará las medidas pertinentes para garantizar la ejecución del contrato, y el supervisor conminara al contratista para corregir la situación, en caso que la misma genere una afectación grave a la UAEGRTD, se dara aplicación al artículo 86 de la Ley 1474 de 2011. | P19: 3 | Q19: 2 | R19: =SUM(P19:Q19) -> 5 | S19: =VLOOKUP(R19,Inputs!$E$2:$F$12,2,FALSE) -> Medio | T19: SI | U19: Entidad Contratantr | V19: Desde el perfeccionamiento del contrato | W19: Terminación del plazo de ejecución | X19: SEGUIMIENTO DEL PROCESO Por pate del supervisor del contrato verificando y dejando constancia en su informe mensual del cumplimiento de las obligaciones pactadas | Y19: DIARIO
A20: 13 | B20: General | C20: Externo | D20: Ejecución | E20: Social o Político | F20: No respetar los derechos humanos y/o infringirlos. Así mismo, evitar la violencia de género y la violencia sexual, promoviendo el acceso y protección de la tierra y la protección especial a las víctimas del conflicto | G20: Dificultad la ejecución del Convenio de manera baja, aplicando medidas mínimas se puede lograr el objeto contractual | H20: 3 | I20: 5 | J20: =SUM(H20:I20) -> 8 | K20: =VLOOKUP(J20,Inputs!$E$2:$F$12,2,FALSE) -> Extremo | L20: Proveedor | M20: 1 | N20: 14 | O20: La UAEGRTD aplicará las medidas pertinentes para garantizar los derechos humanos. Así mismo, para evitar la violencia de género y la violencia sexual, promoviendo el acceso y protección de la tierra y la protección especial a las víctimas del conflicto | P20: 1 | Q20: 1 | R20: 1 | S20: =VLOOKUP(R20,Inputs!$E$2:$F$12,2,FALSE) -> Bajo | T20: SI | U20: Entidad Contratantr | V20: Desde el perfeccionamiento del contrato | W20: Terminación del plazo de ejecución | X20: SEGUIMIENTO DEL PROCESO Por pate del supervisor del contrato verificando y dejando constancia en su informe mensual del cumplimiento de las obligaciones pactadas | Y20: DIARIO
A21: 14 | B21: General | C21: Externo | D21: Ejecución | E21: Económico | F21: Actos o conductas que impliquen corrupción de los servidores pùblicos vinculados a la UAEGRTD con la participación de personas vinculadas al contratista. | G21: Afecta la ejecución del contrato sin alterar el beneflcio para las partes | H21: 2 | I21: 4 | J21: =SUM(H21:I21) -> 6 | K21: =VLOOKUP(J21,Inputs!$E$2:$F$12,2,FALSE) -> Alto | L21: Proveedor | M21: 1 | N21: 16 | O21: La UAEGRTD aplicará las medidas pertinentes para garantizar la ejecución del contrato, y se realizará las denuncias y/o conpulsa de copias a que haya lugar. | P21: 1 | Q21: 2 | R21: =SUM(P21:Q21) -> 3 | S21: =VLOOKUP(R21,Inputs!$E$2:$F$12,2,FALSE) -> Bajo | T21: SI | U21: Proveedor | V21: Desde el perfeccionamiento del contrato | W21: Terminación del plazo de ejecución | X21: SEGUIMIENTO DEL PROCESO Por pate del supervisor del contrato verificando y dejando constancia en su informe mensual del cumplimiento de las obligaciones pactadas | Y21: DIARIO
A22: 15 | B22: General | C22: Externo | D22: Ejecución | E22: Social o Político | F22: Cambios en la situación política sistema de gobierno | G22: Obstruye la ejecución del contrato sustancialmente pero aun así permite la consecución del objeto contractual | H22: 2 | I22: 3 | J22: =SUM(H22:I22) -> 5 | K22: =VLOOKUP(J22,Inputs!$E$2:$F$12,2,FALSE) -> Medio | L22: Proveedor | M22: 1 | N22: 18 | O22: La UAEGRTD buscará vías alternas de desplazamiento. | P22: 1 | Q22: 1 | R22: =SUM(P22:Q22) -> 2 | S22: =VLOOKUP(R22,Inputs!$E$2:$F$12,2,FALSE) -> Bajo | T22: SI | U22: Proveedor | V22: Desde el perfeccionamiento del contrato | W22: Terminación del plazo de ejecución | X22: SEGUIMIENTO DEL PROCESO Por pate del supervisor del contrato verificando y dejando constancia en su informe mensual del cumplimiento de las obligaciones pactadas | Y22: DIARIO
A23: 16 | B23: General | C23: Externo | D23: Ejecución | E23: Social o Político | F23: Cambios en la situación social, paros, huelgas, actos terroristas | G23: Obstruye la ejecución del contrato sustancialmente pero aun así permite la consecución del objeto contractual | H23: 2 | I23: 4 | J23: 6 | K23: =VLOOKUP(J23,Inputs!$E$2:$F$12,2,FALSE) -> Alto | L23: Entidad Contratante + Proveedor | M23: 50%50 | N23: 19 | O23: La UAEGRTD buscará vías alternas de desplazamiento. | P23: 1 | Q23: 2 | R23: =SUM(P23:Q23) -> 3 | S23: =VLOOKUP(R23,Inputs!$E$2:$F$12,2,FALSE) -> Bajo | T23: SI | U23: Proveedor | V23: Desde el perfeccionamiento del contrato | W23: Terminación del plazo de ejecución | X23: SEGUIMIENTO DEL PROCESO Por pate del supervisor del contrato verificando y dejando constancia en su informe mensual del cumplimiento de las obligaciones pactadas | Y23: DIARIO
A24: 17 | B24: General | C24: Externo | D24: Ejecución | E24: Ambiental | F24: Manejo inadecuado de los residuos peligrosos generados por la prestación del servicio objeto del contrato. (Afectación al medio ambiente) | G24: Afecta la ejecución del contrato sin alterar el beneflcio para las partes. | H24: 2 | I24: 2 | J24: 2 | K24: =VLOOKUP(J24,Inputs!$E$2:$F$12,2,FALSE) -> Bajo | L24: Proveedor | M24: 1 | N24: 20 | O24: La UAEGRTD impondrá la cláusula de multa y/o penal | P24: 1 | Q24: 2 | R24: 1 | S24: =VLOOKUP(R24,Inputs!$E$2:$F$12,2,FALSE) -> Bajo | T24: SI | U24: Proveedor | V24: Desde el perfeccionamiento del contrato | W24: Terminación del plazo de ejecución | X24: SEGUIMIENTO DEL PROCESO Por pate del supervisor del contrato verificando y dejando constancia en su informe mensual del cumplimiento de las obligaciones pactadas | Y24: DIARIO

Sheet Inputs
A1: Clase | B1: Fuente | C1: Etapa | D1: Tipo | E1: Riesgo | F1: Valoración | G1: 1 | H1: Colombia Compra Eficiente
A2: General | B2: Interno | C2: Planeación | D2: Económico | E2: 0 | F2: Bajo | G2: 2 | H2: Proveedor
A3: Específico | B3: Externo | C3: Selección | D3: Sociales o Políticos | E3: 1 | F3: Bajo | G3: 3 | H3: Entidad Contratante
C4: Contratación | D4: Operacionales | E4: 2 | F4: Bajo | G4: 4 | H4: Colombia Compra Eficiente + Proveedor
C5: Ejecución | D5: Financieros | E5: 3 | F5: Bajo | G5: 5 | H5: Colombia Compra Eficiente + Entidad Contratante
C6: Selección / Ejecución | D6: Regulatorios | E6: 4 | F6: Bajo | G6: 6 | H6: Entidad Contratante + Proveedor
C7: Juridico | D7: Naturaleza | E7: 5 | F7: Medio | G7: 7 | H7: Colombia Compra Eficiente + Entidad Contratante + Proveedor
C8: Contratación / Ejecución | D8: Ambientales | E8: 6 | F8: Alto
C9: Planeación / Contratación / Ejecución | D9: Tecnológicos | E9: 7 | F9: Alto
E10: 8 | F10: Extremo
E11: 9 | F11: Extremo
E12: 10 | F12: Extremo
